 Dungeon Crawl Stone Soup version 0.32-a0-35-gd9ff480968 (webtiles) character file.

Game seed: 1586184279893022264

715513 Pooter the Invulnerable (level 27, -10/405 HPs)
             Began as a Minotaur Berserker on Jan 18, 2024.
             Was a High Priest of Trog.
             Engulfed by Boris's excruciating misery (16 damage)
             ... on level 4 of the Dungeon on Jan 22, 2024.
             The game lasted 09:04:25 (123825 turns).

Pooter the Invulnerable (Minotaur Berserker)      Turns: 123825, Time: 09:04:25

Health: -10/405    AC: 44    Str: 25    XL:     27
Magic:  31/31      EV: 27    Int:  6    God:    Trog [*****.]
Gold:   905        SH:  0    Dex: 23    Spells: 26/26 levels left

rFire   + . .        a - +10 executioner's axe of the Chewing Eel {flame, Str-3 Dex+4}
rCold   + . .        (shield currently unavailable)
rNeg    . . .        Z - +15 plate armour of the Contumacious God {rC+ Will++}
rPois   +            (helmet restricted)
rElec   .            z - +2 cloak of the Aged Ultimatums {rF+ Will- SInv}
rCorr   .            f - +1 pair of gloves of Hepliaklqana, Howling {*Corrode rPois MP+9 Slay+6}
SInv    +            E - +2 pair of boots {Fly}
Will    +++++        H - amulet of Zeghoqel {Rampage Regen+ Stlth+} Stlth
                     K - +4 ring of slaying
HPRegen 2.67/turn    w - ring "Gahaeme" {rPois EV+5 Dex+3 Slay+3}
MPRegen 0.22/turn

%: corrode self (3%), rampage
@: berserking, strong-willed, corroded, flying, regenerating, very quick
A: horns 2, retaliatory headbutt, hooves 1, iridescent scales 2, devolution 1
0: Orb of Zot
}: 3/15 runes: decaying, silver, gossamer
a: Renounce Religion, Berserk, Trog's Hand, Brothers in Arms


You were on level 4 of the Dungeon.
You worshipped Trog.
Trog was extremely pleased with you.
You visited 12 branches of the dungeon, and saw 52 of its levels.
You visited the Abyss 2 times.
You visited 1 ziggurat, and saw 8 of its levels.
You also visited: Sewer, Ice Cave and Wizlab.

You collected 8739 gold pieces.
You spent 7834 gold pieces at shops.

Inventory:

Hand Weapons
 a - the +10 executioner's axe of the Chewing Eel (weapon) {flame, Str-3 Dex+4}
   (You acquired it on level 3 of the Vaults)

   Str-3:     It affects your strength (-3).
   Dex+4:     It affects your dexterity (+4).
 b - a +7 heavy orcbow
   (You took it off a centaur on level 7 of the Dungeon)
 s - a +5 antimagic executioner's axe
   (Trog gifted it to you on level 1 of the Elven Halls)
Missiles
 n - 37 boomerangs (quivered)
 A - 9 curare-tipped darts
 O - 7 silver javelins
 T - 10 javelins
Armour
 f - the +1 pair of gloves of Hepliaklqana, Howling (worn) {*Corrode rPois MP+9 Slay+6}
   (You found it on level 2 of the Realm of Zot)

   Slay+6:    It affects your accuracy & damage with ranged weapons and melee
   (+6).
   rPois:     It protects you from poison MP+9: It affects your magic capacity
   (+9).
   *Corrode:  It may corrode you when you take damage.
 o - a scarf of repulsion
   (You found it on level 4 of the Spider Nest)
 z - the +2 cloak of the Aged Ultimatums (worn) {rF+ Will- SInv}
   (You found it on level 4 of the Swamp)

   rF+:       It protects you from fire.
   Will-:     It decreases your willpower.
   SInv:      It lets you see invisible.
 E - a +2 pair of boots of flying (worn)
   (You found it in a wizard's laboratory)
 U - a +8 crystal plate armour of cold resistance
   (You found it in an ice cave)
 Y - +0 gold dragon scales
   (You found it on level 3 of the Realm of Zot)
 Z - the +15 plate armour of the Contumacious God (worn) {rC+ Will++}
   (You bought it in a shop on level 2 of the Orcish Mines)

   rC+:       It protects you from cold.
   Will++:    It greatly increases your willpower.
Jewellery
 j - the ring "Isin" {Fly Dex+2}
   (You took it off a deep elf death mage on level 3 of the Elven Halls)

   [ring of flight]

   Dex+2:     It affects your dexterity (+2).
   Fly:       It grants you flight.
 w - the ring "Gahaeme" (right hand) {rPois EV+5 Dex+3 Slay+3}
   (You bought it in a shop on level 1 of the Orcish Mines)

   [ring of evasion]

   EV+5:      It affects your evasion (+5).
   Dex+3:     It affects your dexterity (+3).
   Slay+3:    It affects your accuracy & damage with ranged weapons and melee
   (+3).
   rPois:     It protects you from poison
 y - the ring of Qeun {rCorr EV+5 Str+9 Int+3}
   (You took it off a frost giant on level 2 of the Depths)

   [ring of evasion]

   EV+5:      It affects your evasion (+5).
   Str+9:     It affects your strength (+9).
   Int+3:     It affects your intelligence (+3).
   rCorr:     It protects you from acid and corrosion.
 F - the ring of Jazojuac {+Blink rF+ Dex+4}
   (You found it on level 15 of the Dungeon)

   [ring of protection from fire]

   Dex+4:     It affects your dexterity (+4).
   rF+:       It protects you from fire.
   +Blink:    It lets you blink.
 H - the amulet of Zeghoqel (around neck) {Rampage Regen+ Stlth+}
   (You took it off a fire giant on level 2 of the Depths)

   [amulet of regeneration]

   Regen+:    It increases your rate of health regeneration.
   Rampage:   It bestows one free step when moving towards enemies.
   Stlth+:    It makes you more stealthy.
 I - the ring "Zuth" {rF+ rC+}
   (You found it on level 15 of the Dungeon)

   [ring of protection from cold]

   rF+:       It protects you from fire.
   rC+:       It protects you from cold.
 K - a +4 ring of slaying (left hand)
   (You bought it in a shop on level 1 of the Orcish Mines)
 P - an amulet of reflection
   (You took it off a deep elf death mage on level 3 of the Elven Halls)
Wands
 e - a wand of roots (33)
   (You found it on level 12 of the Dungeon)
 l - a wand of charming (90)
   (You found it on level 2 of the Dungeon)
 x - a wand of polymorph (32)
   (You found it on level 5 of the Dungeon)
 D - a wand of digging (25)
   (You found it on level 5 of the Dungeon)
 S - a wand of light (43)
   (You found it on level 3 of the Lair of Beasts)
 V - a wand of mindburst (11)
   (You found it on level 3 of the Lair of Beasts)
Scrolls
 h - 3 scrolls of blinking
 i - 5 scrolls of silence
 q - 11 scrolls of fog
 r - 6 scrolls of noise {!r}
 t - 4 scrolls of teleportation {@r4}
 u - 8 scrolls of fear
 G - 4 scrolls of summoning
 J - 9 scrolls of revelation
 R - 4 scrolls of poison
 W - 9 scrolls of immolation {!r}
Potions
 c - 9 potions of heal wounds {@q2}
 d - 2 potions of mutation {!q}
 g - 6 potions of haste {@q3}
 k - 19 potions of curing {@q1}
 m - a potion of resistance
 p - 5 potions of lignification {!q}
 v - 2 potions of invisibility
 B - 13 potions of attraction {!q}
 L - 7 potions of enlightenment
 M - 3 potions of cancellation
 N - 6 potions of might
Miscellaneous
 C - the horn of Geryon
   (You took it off Geryon in the Vestibule of Hell)
 Q - a tin of tremorstones (2/2)
   (You found it on level 4 of the Vaults)
 X - a box of beasts
   (You found it on level 5 of the Lair of Beasts)


   Skills:
 + Level 26.5 Fighting
 + Level 25.2 Axes
 + Level 17.7 Ranged Weapons
 - Level 16.0 Throwing
 O Level 27 Armour
 + Level 19.9 Dodging
 - Level 16.4 Stealth
 + Level 16.5 Evocations


You had 26 spell levels left.
You didn't know any spells.
Your spell library was empty.

Dungeon Overview and Level Annotations

Branches:
Dungeon (15/15)            Temple (0/1) D:6            Lair (5/5) D:9
  Swamp (4/4) Lair:3       Spider (4/4) Lair:2        Slime (0/5) Lair:4
    Orc (2/2) D:11            Elf (3/3) Orc:2        Vaults (5/5) D:14
  Crypt (3/3) Vaults:3       Tomb (1/3) Crypt:3      Depths (4/4) D:15
   Hell (visited)             Dis (0/7) Hell            Geh (0/7) Hell
    Coc (0/7) Hell            Tar (0/7) Hell            Zot (5/5) Depths:4
  Sewer (visited)           IceCv (visited)          WizLab (visited)

Altars:
Ashenzari
Hepliaklqana
Kikubaaqudgha
Nemelex Xobeh
Qazlal
Ru
Sif Muna
Trog
Uskayaw
Vehumet
Wu Jian
Xom
Yredelemnul
Zin
The Shining One

Shops:
D:3 *   D:4 (   Orc:1 =   Orc:2 [*[:(   Vaults:1 *   Vaults:5 [[!::!?!
Depths:1 [?   Depths:3 ?[

Portals:
Hell: Depths:1 Depths:2 Depths:3 Depths:4
Abyss: Depths:1 Depths:3
Pandemonium: Depths:2 Depths:4

Annotations:
D:4 Boris
Elf:2 3 runed translucent doors
Depths:1 3 runed translucent doors, Feesos's ghost, adept DjFE


Innate Abilities, Weirdness & Mutations

You have a pair of horns on your head.
You reflexively headbutt those who attack you in melee.
You have large cloven feet.
You are mostly covered in iridescent scales. (AC +4)
You have hidden genetic defects.


Message History

You are engulfed in excruciating misery.
Boris casts a spell at you. The iron shot hits you!!!
Your corrosive artefact corrodes you!
Boris conjures a glowing orb.
An orb of destruction comes into view.
Boris pitches forth his victims' sorrows.
The howling sorrow hits you.
Your skin crawls.
You feel strong-willed.
Boris rolls out his victims' suffering.
The howling sorrow hits you.
Boris conjures a glowing orb.
An orb of destruction comes into view.
Aiming: Dig
Press: ? - help, Shift-Dir - straight line This square is covered in magical glow.
There is a cloud of excruciating misery here.
The rock shatters into small pieces.
You are engulfed in excruciating misery.
The wavering orb of destruction hits you!!!
* * * LOW HITPOINT WARNING * * *
Boris points at you and mumbles some strange words.
The bolt of cold misses you.
The orb of destruction hits a rock wall.
You are engulfed in excruciating misery.
* * * LOW HITPOINT WARNING * * *
Boris hits you!
* * * LOW HITPOINT WARNING * * *
Boris completely misses you. Boris hits you!
* * * LOW HITPOINT WARNING * * *
Boris touches you but does no damage.
A red film seems to cover your vision as you go berserk!
You feel yourself moving faster!
You feel mighty!
You are engulfed in excruciating misery.
* * * LOW HITPOINT WARNING * * *
Your corrosive artefact corrodes you!
Boris casts forth his victims' sorrows.
The howling sorrow hits you.
You closely miss Boris.
You are engulfed in excruciating misery.
* * * LOW HITPOINT WARNING * * *
Boris rolls out his victims' laments.
The howling sorrow hits you.
You slash Boris! You burn Boris.
You are engulfed in excruciating misery.
* * * LOW HITPOINT WARNING * * *
Boris closely misses you. Boris misses you.
You slash Boris! You burn Boris. You headbutt Boris!
You are engulfed in excruciating misery.
You die...

############.### #.
#≈≈≈≈≈≈≈≈≈≈≈≈≈# ######
#§...§.......≈# #.....
#≈.......○...≈# #.....
#≈...#####...≈# #.....
#≈.....#.....≈# #.....
#≈.....#.....≈#### #####.....
#≈.####.####.L'..# #...#.....
#≈.....#....@☼##.# #...#.....
#≈.....#..°°○≈##.# #...######
#≈...#####§..≈##)###.........
#≈.......§.§.≈#.†............
#≈........☼..≈#..............
#≈≈≈≈§§§≈≈☼≈≈≈#........###...
############.########### #...
#.# #.......# #####... #.#
#.#.....# #.......


You could see Boris (fast, empowered).

Vanquished Creatures
  5 dread liches
  3 orbs of fire
  The ghost of Tigajux the Slayer, a master OnAl of Gozag (Zot:2)
  Khufu (Crypt:3)
  Mara (D:15)
  6 ancient liches
  Mennas (Crypt:2)
  A juggernaut (Depths:4)
  2 royal mummies (Crypt:3)
  Josephina (Crypt:1)
  Xtahua (Vaults:4)
  Vv (Crypt:1)
  Boris (Crypt:3)
  11 Killer Klowns
  Bai Suzhen (Spider:4)
  Margery (Depths:2)
  A curse toe (Zot:3)
  Saint Roka (Crypt:2)
  Geryon (Hell)
  the Enchantress (Depths:3)
  4 bone dragons
  Jory (Vaults:4)
  6 golden dragons
  A profane servitor (Abyss:4)
  Arachne (Spider:3)
  A Brimstone Fiend (Zot:1)
  A hellephant (Abyss:1)
  Rupert (D:14)
  A Cloud Mage (WizLab)
  2 electric golems (Zot:5)
  The ghost of Cyommoer the Archmage, an adept DEHW of Vehumet (Depths:3)
  5 Hell Sentinels
  An Ice Fiend (Zot:1)
  Asterion (Spider:3)
  Jorgrun (Swamp:3)
  25 Orb Guardians (Zot:5)
  22 tentacled monstrosities
  Zenata (Crypt:1)
  6 liches
  A walking frostbound tome (Depths:2)
  3 titans
  5 quicksilver dragons
  3 ancient champions
  A deep elf master archer (Elf:3)
  A searing wretch (Depths:2)
  13 sphinxes
  An Executioner (Abyss:1)
  A tentacled starspawn (Abyss:3)
  11 tengu reavers
  12 shadow dragons
  An azure jelly (Zig:8)
  6 death cobs
  Aizul (Swamp:2)
  2 thorn hunters
  4 draconian knights
  A draconian monk (Zot:5)
  A fenstrider witch (Swamp:4)
  A rockslime (Zig:8)
  4 revenants
  18 storm dragons
  7 fire giants
  5 balrugs
  4 protean progenitors
  3 iron dragons
  3 deep elf sorcerers (Elf:3)
  5 frost giants
  3 draconian scorchers
  6 draconian shifters
  2 juggernaut zombies
  8 ghost moths
  A caustic shrike zombie (Hell)
  20 vault wardens
  4 emperor scorpions
  A cacodemon (D:12)
  2 curse skulls
  6 spriggan defenders
  5 deep elf elementalists
  2 draconian annihilators
  2 spectral caustic shrikes (Depths:3)
  12 reapers
  A draconian stormcaller (Depths:4)
  2 orc warlords
  20 ironbound preservers
  4 angels (Zot:1)
  4 broodmothers
  2 quicksilver oozes (Zig:8)
  5 vampire knights
  10 ironbound thunderhulks
  13 very ugly things
  A formless jellyfish (Vaults:3)
  7 eleionomae
  15 stone giants
  4 deep elf death magi
  4 green draconians
  3 black draconians
  6 bunyips
  11 deep elf annihilators
  2 putrid mouths
  4 deep elf demonologists (Elf:3)
  9 purple draconians
  4 yellow draconians
  3 red draconians
  9 spark wasps
  2 spectral titans (Depths:3)
  6 blizzard demons
  8 war gargoyles
  13 dire elephants
  8 white draconians
  4 crystal guardians
  3 eidola
  A mummy priest (Crypt:3)
  17 ettins
  4 deep elf high priests
  A spectral quicksilver dragon (Depths:3)
  4 green deaths
  12 jiangshi
  The ghost of avangion the Thaumaturge, a journeyman GrEE of Vehumet (Lair:4)
  4 iron golems
  9 fire dragons
  21 yaktaur captains
  A kraken zombie (Hell)
  2 spectral sphinxes (Depths:3)
  14 hydras
  2 shambling mangroves
  11 entropy weavers
  10 ice dragons
  4 ghost crabs
  Harold (Lair:1)
  3 rakshasas
  38 vault guards
  7 spriggan air magi
  4 ogre magi
  6 great orbs of eyes
  5 caustic shrike simulacra
  3 jorogumos
  5 alligators
  3 spectral golden dragons (Depths:3)
  8 ironbound frosthearts
  5 peacekeepers
  3 radroaches
  2 hell beasts (Depths:3)
  The ghost of croobank the Basher, a journeyman DsFE of Dithmenos (D:12)
  4 two-headed ogres
  3 catoblepae
  3 spriggan skeletons (Crypt:3)
  3 death knights
  7 boulder beetles
  2 juggernaut simulacra (Depths:3)
  An Orb Guardian skeleton (Crypt:2)
  13 centaur warriors
  15 dancing weapons
  A spectral frost giant (Depths:3)
  5 deep troll shamans
  8 hell hogs
  2 orc high priests (Orc:2)
  7 tengu warriors
  12 vampire magi
  3 deep troll earth magi
  5 occultists
  10 demonic crawlers
  A shock serpent (WizLab)
  11 soul eaters
  A thrashing horror (Abyss:4)
  A titan skeleton (Crypt:3)
  12 hell knights
  11 spriggan berserkers
  7 sun demons
  7 deep elf knights
  5 sixfirhies
  7 iron trolls
  5 shadow wraiths
  3 death drakes (WizLab)
  A fire crab (Vaults:3)
  7 pharaoh ants
  25 skeletal warriors
  A storm dragon skeleton (Hell)
  A fire crab (shapeshifter) (D:15)
  2 goliath frogs
  3 spectral iron dragons (Depths:3)
  9 glowing orange brains
  9 spriggan druids
  A sun moth (shapeshifter) (Vaults:5)
  6 large abominations
  A bunyip zombie (Crypt:2)
  A quicksilver dragon simulacrum (Depths:3)
  9 flayed ghosts
  4 arcanists
  51 deep trolls
  A shadow demon (Depths:3)
  Pikel (D:6)
  2 sun moths
  A bunyip skeleton (Crypt:3)
  A glowing orange brain (shapeshifter) (Zig:2)
  5 steelbarb worms
  13 swamp dragons
  7 bog bodies
  5 deep elf archers
  A golden dragon skeleton (Depths:3)
  16 deep elf zephyrmancers
  23 ironbound convokers
  A harpy (shapeshifter) (D:12)
  A steelbarb worm (shapeshifter) (Vaults:2)
  15 deep elf pyromancers
  10 phantasmal warriors
  14 orc knights
  12 orb spiders
  4 oklob plants (Lair:1)
  11 necromancers
  A lindwurm (shapeshifter) (Depths:2)
  16 lindwurms
  An iron dragon zombie (Depths:3)
  A harpy (Vaults:2)
  27 ugly things
  An alligator zombie (Hell)
  19 wolf spiders
  A tengu skeleton (Depths:3)
  6 orc sorcerers
  A shining eye (shapeshifter) (D:12)
  A salamander (shapeshifter) (Vaults:2)
  A cyclops (shapeshifter) (Depths:4)
  A worldbinder (Abyss:1)
  An eleionoma zombie (Crypt:1)
  A goliath frog skeleton (Crypt:1)
  2 stone giant skeletons
  5 cyclopes
  A human zombie (Crypt:3)
  5 will-o-the-wisps
  5 manticores
  24 elephants
  3 centaur zombies
  7 meliai
  31 moths of wrath
  A naga zombie (Tomb:1)
  2 rust devils
  An apocalypse crab (Abyss:1)
  3 kobold blastminers
  4 guardian serpents (D:15)
  18 vault sentinels
  Joseph (D:7)
  5 black mambas
  13 smoke demons
  4 centaur skeletons
  A torpor snail (shapeshifter) (Vaults:5)
  2 eyes of devastation
  3 hellions
  3 ice statues
  3 molten gargoyles (Hell)
  5 gargoyles
  6 cane toads
  A rime drake (shapeshifter) (D:12)
  A cane toad (shapeshifter) (D:12)
  8 torpor snails
  A minotaur zombie (Crypt:2)
  An alligator snapping turtle zombie (Hell)
  2 titan simulacra
  10 freezing wraiths
  2 naga skeletons (Tomb:1)
  A sea snake zombie (Hell)
  An unseen horror (D:12)
  An efreet (D:15)
  6 rime drakes
  A spectral human (Depths:3)
  6 komodo dragons
  A yaktaur (shapeshifter) (Zot:1)
  Psyche (D:8)
  An alligator snapping turtle skeleton (Crypt:3)
  4 guardian mummies
  A purple draconian skeleton (Crypt:1)
  A hydra zombie (Hell)
  A golden dragon simulacrum (Depths:3)
  26 yaktaurs
  A tormentor (Zig:6)
  2 harpy zombies (Crypt:2)
  6 ice devils
  3 tengu conjurers
  2 ancient zymes
  A red devil (Hell)
  12 hornets
  3 polar bears (Lair:5)
  A tengu simulacrum (Depths:3)
  6 bloated husks
  A shadow dragon simulacrum (Hell)
  7 trolls
  A glass eye (Zig:8)
  3 wind drakes (WizLab)
  A sun moth zombie (Crypt:1)
  24 tarantellas
  2 hellwings (Abyss:1)
  An ettin zombie (Crypt:2)
  Prince Ribbit (D:8)
  A saltling (Vaults:4)
  An iron dragon simulacrum (Depths:3)
  A harpy skeleton (Crypt:3)
  A raiju (Abyss:1)
  12 tyrant leeches
  9 dream sheep (Lair:5)
  13 blink frogs
  23 jumping spiders
  A raiju (shapeshifter) (D:15)
  A frost giant simulacrum (Depths:3)
  3 hydra skeletons
  A stone giant simulacrum (Crypt:1)
  28 culicivoras
  4 centaur simulacra
  A jumping spider (shapeshifter) (D:14)
  26 slime creatures
  4 shadows (Crypt:3)
  43 yaks
  14 air elementals
  A wind drake zombie (Crypt:2)
  20 spriggans
  2 ynoxinuls (Abyss:4)
  4 water elementals
  A black mamba skeleton (Tomb:1)
  8 wraiths
  A yak (shapeshifter) (D:12)
  8 vampires
  A dire elephant simulacrum (IceCv)
  2 golden eyes
  20 humans (D:14)
  6 neqoxecs
  8 wyverns
  51 redbacks
  3 ushabtiu (Tomb:1)
  2 wargs
  9 vampire mosquitoes
  8 basilisks
  An alligator snapping turtle simulacrum (Hell)
  A death yak simulacrum (IceCv)
  2 sea snake simulacra (Hell)
  A fire elemental (Elf:3)
  A wind drake skeleton (Crypt:1)
  3 chaos spawn
  A harpy simulacrum (Tomb:1)
  An acid dragon (D:8)
  13 swamp worms
  A hydra simulacrum (IceCv)
  6 hell hounds (Hell)
  A glowing shapeshifter skeleton (Depths:3)
  18 water moccasins
  13 swamp drakes
  9 black bears
  A black bear (shapeshifter) (D:12)
  A swamp dragon zombie (Crypt:1)
  32 orc warriors
  5 boggarts
  12 laughing skulls
  A black mamba simulacrum (Crypt:1)
  2 ogres (shapeshifter)
  33 wolves
  7 ogres
  17 centaurs
  2 phantoms
  A lindwurm skeleton (Crypt:1)
  2 kobold brigands
  A brain worm (Abyss:1)
  A bullfrog (shapeshifter) (D:15)
  13 bullfrogs
  A glowing shapeshifter simulacrum (Depths:3)
  5 small abominations
  3 earth elementals
  A gnoll sergeant (D:9)
  4 scorpions
  A human simulacrum (Depths:3)
  7 wights
  4 two-headed ogre simulacra (IceCv)
  A hornet simulacrum (D:15)
  A cyclops skeleton (Crypt:2)
  A shapeshifter zombie (Crypt:2)
  16 killer bees
  An elephant simulacrum (IceCv)
  4 howler monkeys (D:9)
  2 quasits
  5 jellies
  26 orc priests
  3 hounds
  3 iguanas
  A sleepcap (D:5)
  25 orc wizards
  3 spriggan simulacra
  A polar bear simulacrum (IceCv)
  8 hell rats
  3 troll simulacra (IceCv)
  3 wolf simulacra (IceCv)
  A brain worm zombie (Crypt:2)
  A hound zombie (Crypt:1)
  A hound skeleton (Crypt:1)
  17 mummies
  8 adders
  9 gnolls
  A howler monkey skeleton (Crypt:2)
  A naga simulacrum (IceCv)
  2 river rats (Sewer)
  2 shadow imps
  A swamp drake skeleton (Crypt:2)
  A ribbon worm zombie (Crypt:2)
  5 white imps
  An ufetubus (Abyss:4)
  2 dart slugs (D:1)
  3 ribbon worms
  69 orcs
  A bat skeleton (Crypt:1)
  12 endoplasms
  2 giant cockroaches
  11 goblins
  5 hobgoblins
  14 kobolds
  6 quokkas
  10 ball pythons
  6 bats
  5 frilled lizards
  A jackal skeleton (Crypt:2)
  8 rats
  An aspiring flesh (Zot:4)
  2 butterflies (Lair:2)
  2 spectral weapons
2447 creatures vanquished.

Vanquished Creatures (collateral kills)
  A dread lich (Zig:7)
  An iron giant (Zig:6)
  A fire giant (Depths:2)
  2 frost giants
  An emperor scorpion (Spider:4)
  A vault warden (Vaults:5)
  A draconian monk (Zot:4)
  A draconian scorcher (Zot:4)
  A spectral juggernaut (Depths:3)
  An ironbound preserver (Vaults:4)
  2 very ugly things (Vaults:5)
  A spectral sphinx (Depths:3)
  A vault guard (Vaults:5)
  An arcanist (Vaults:4)
  A deep troll (Vaults:4)
  A phantasmal warrior (Zig:7)
  A slime creature (Zig:8)
  An orc warrior (Orc:2)
20 creatures vanquished.

Vanquished Creatures (others)
  A draconian monk (Zot:4)
  A deep elf knight (Elf:3)
  2 deep trolls (Vaults:4)
  An anaconda zombie (Hell)
  A deep elf pyromancer (Elf:2)
  An arcanist (D:6)
  2 ugly things
  A redback (Spider:4)
  A killer bee (D:8)
  A white imp (IceCv)
  10 foxfires
  2 starspawn tentacles (Abyss:3)
  5 tentacles (Hell)
29 creatures vanquished.

Grand Total: 2496 creatures vanquished

Notes
Turn   | Place    | Note
-------+----------+-------------------------------------------
     0 | D:1      | Pooter the Minotaur Berserker began the quest for the Orb.
     0 | D:1      | Reached XP level 1. HP: 19/19 MP: 0/0
    48 | D:1      | Reached XP level 2. HP: 27/27 MP: 1/1
   201 | D:1      | Reached skill level 1 in Stealth
   295 | D:1      | Found a faded altar of an unknown god.
   514 | D:1      | Reached XP level 3. HP: 33/33 MP: 2/2
   822 | D:2      | Found a broken altar of Ashenzari.
   908 | D:2      | Reached ** piety under Trog
  1246 | D:3      | Reached XP level 4. HP: 40/40 MP: 3/3
  1384 | D:3      | Found Kayxku's General Store.
  1392 | D:3      | Bought a potion of curing for 42 gold pieces
  1392 | D:3      | Bought a scroll of identify for 28 gold pieces
  1392 | D:3      | Bought a scroll of identify for 28 gold pieces
  1774 | D:3      | Reached skill level 5 in Axes
  1866 | D:3      | Reached XP level 5. HP: 40/47 MP: 4/4
  1995 | D:4      | Found a glowing drain.
  2063 | Sewer    | Entered a sewer
  2262 | D:4      | Gained mutation: You are weak. (Str -2) [potion of
                  | mutation]
  2262 | D:4      | Gained mutation: You are clumsy. (Dex -2) [potion of
                  | mutation]
  2262 | D:4      | Gained mutation: You are partially covered in iridescent
                  | scales. (AC +2) [potion of mutation]
  2263 | D:4      | Lost mutation: You are weak. (Str -2) [potion of mutation]
  2263 | D:4      | Lost mutation: You are clumsy. (Dex -2) [potion of
                  | mutation]
  2263 | D:4      | Lost mutation: You are partially covered in iridescent
                  | scales. (AC +2) [potion of mutation]
  2263 | D:4      | Gained mutation: You have large cloven feet. [potion of
                  | mutation]
  2263 | D:4      | Gained mutation: You are robust. (+10% HP) [potion of
                  | mutation]
  2448 | D:4      | Reached XP level 6. HP: 60/60 MP: 5/5
  2448 | D:4      | Reached *** piety under Trog
  2473 | D:4      | Found Laekh's Weapon Shoppe.
  2557 | D:4      | Found a glowing silver altar of Zin.
  2559 | D:4      | Found a hazy altar of Hepliaklqana.
  2562 | D:4      | Found a radiant altar of Vehumet.
  2564 | D:4      | Found a sacrificial altar of Ru.
  2884 | D:5      | Entered Level 5 of the Dungeon
  2895 | D:5      | Reached skill level 5 in Fighting
  3167 | D:5      | Reached skill level 1 in Ranged Weapons
  3229 | D:4      | Bought a +0 morningstar of protection for 95 gold pieces
  3369 | D:5      | Reached XP level 7. HP: 67/67 MP: 6/6
  3769 | D:6      | Found a staircase to the Ecumenical Temple.
  3904 | D:6      | Reached skill level 1 in Evocations
  3990 | D:6      | Reached XP level 8. HP: 46/77 MP: 7/7
  4200 | D:6      | Found a bloodstained altar of Trog.
  4256 | D:6      | Noticed Pikel
  4265 | D:6      | Killed Pikel
  4266 | D:6      | Reached skill level 5 in Ranged Weapons
  4412 | D:6      | Noticed a wizard
  4418 | D:6      | Killed a wizard
  5247 | D:7      | Reached XP level 9. HP: 86/86 MP: 8/8
  5314 | D:7      | Noticed Joseph
  5333 | D:7      | Killed Joseph
  5718 | D:7      | Reached skill level 10 in Axes
  6353 | D:8      | Noticed Prince Ribbit
  6361 | D:8      | Killed Prince Ribbit
  6374 | D:8      | Noticed Psyche
  6380 | D:8      | Killed Psyche
  6873 | D:8      | Reached XP level 10. HP: 84/96 MP: 9/9
  6889 | D:8      | Found a basalt altar of Yredelemnul.
  7723 | D:9      | Reached **** piety under Trog
  7929 | D:9      | Found a staircase to the Lair.
  7996 | D:9      | HP: 3/99 [yak (13)]
  8363 | D:9      | Identified the +11 spear "Wufest" {flame, rC++ rCorr Str+3}
  8838 | D:9      | Noticed a two-headed ogre
  8843 | D:9      | Killed a two-headed ogre
  8844 | D:9      | Reached skill level 5 in Evocations
  8882 | D:9      | Identified the +2 helmet of the Enchanted Forest {rElec rF-
                  | Str+4}
  9080 | D:9      | Found a glowing golden altar of the Shining One.
  9478 | D:10     | Entered Level 10 of the Dungeon
  9729 | D:10     | Noticed a gargoyle
  9739 | D:10     | Killed a gargoyle
  9740 | D:10     | Reached XP level 11. HP: 78/106 MP: 10/10
  9865 | D:10     | Reached skill level 10 in Ranged Weapons
 10312 | Lair:1   | Entered Level 1 of the Lair of Beasts
 10769 | Lair:1   | Noticed an oklob plant
 10811 | Lair:1   | Noticed an oklob plant
 10811 | Lair:1   | Noticed an oklob plant
 10811 | Lair:1   | Noticed an oklob plant
 10818 | Lair:1   | Killed an oklob plant
 10823 | Lair:1   | Killed an oklob plant
 10833 | Lair:1   | Killed an oklob plant
 10834 | Lair:1   | Reached skill level 10 in Fighting
 10893 | Lair:1   | Killed an oklob plant
 11000 | Lair:1   | Noticed Harold
 11010 | Lair:1   | Killed Harold
 11280 | Lair:1   | Identified the +8 long sword of Infinite Pain {flame, rElec
                  | rN+ Stlth+}
 11299 | Lair:1   | Reached XP level 12. HP: 96/117 MP: 11/11
 11354 | Lair:1   | Noticed a catoblepas
 11365 | Lair:1   | Killed a catoblepas
 11444 | Lair:1   | Noticed a catoblepas
 11458 | Lair:1   | Killed a catoblepas
 12222 | Lair:2   | Found a hole to the Spider Nest.
 13606 | Lair:3   | Reached skill level 15 in Axes
 13741 | Lair:3   | Found a staircase to the Swamp.
 14069 | Lair:4   | Found a frozen archway.
 14111 | IceCv    | Entered an ice cave
 14995 | IceCv    | Noticed a reaper
 15017 | IceCv    | Killed a reaper
 15365 | Lair:4   | Found a runed translucent door.
 15365 | Lair:4   | Found a shimmering altar of Xom.
 15365 | Lair:4   | Noticed avangion's ghost (journeyman GrEE)
 15614 | Lair:4   | Found a staircase to the Slime Pits.
 15708 | Lair:4   | Reached XP level 13. HP: 112/127 MP: 12/12
 16517 | Lair:5   | Entered Level 5 of the Lair of Beasts
 20477 | Lair:5   | Found a hide-covered altar of Uskayaw.
 20729 | Lair:5   | Reached skill level 15 in Ranged Weapons
 20730 | Lair:5   | Reached XP level 14. HP: 139/139 MP: 13/13
 23796 | D:11     | Found a staircase to the Orcish Mines.
 24071 | Orc:1    | Entered Level 1 of the Orcish Mines
 24403 | Orc:1    | Found Muolejim's Jewellery Emporium.
 24410 | Orc:1    | Bought the ring "Gahaeme" {rPois EV+5 Dex+3 Slay+3} for 925
                  | gold pieces
 24525 | Orc:2    | Entered Level 2 of the Orcish Mines
 24525 | Orc:2    | Found a staircase to the Elven Halls.
 24549 | Orc:2    | Found Gampitea's Antique Armour Boutique.
 25576 | Orc:2    | Noticed an orc warlord
 25585 | Orc:2    | Killed an orc warlord
 25905 | Orc:2    | Found Dokid's Antique Weapon Shoppe.
 26240 | Orc:2    | Found a bloodstained altar of Trog.
 26272 | Orc:2    | Found Jextier's General Store.
 26279 | Orc:2    | Bought a scroll of enchant armour for 127 gold pieces
 26279 | Orc:2    | Bought a potion of curing for 51 gold pieces
 26279 | Orc:2    | Bought 3 scrolls of identify for 102 gold pieces
 26279 | Orc:2    | Bought a scroll of identify for 34 gold pieces
 26304 | Orc:2    | Found Effehach's Book Shoppe.
 26318 | Orc:2    | Found Tuefial's Antique Armour Shoppe.
 26680 | D:11     | Identified the +0 ring mail of Daisies {rC+ rN+}
 26722 | D:11     | Noticed Maurice
 26723 | D:11     | Maurice changed into Maurice the killer bee
 26723 | D:11     | Noticed Maurice
 26724 | D:11     | Killed Maurice the killer bee
 27198 | D:12     | Reached skill level 3 in Armour
 27413 | D:12     | Noticed Sonja
 27414 | D:12     | Sonja changed into Sonja the hornet
 27414 | D:12     | Noticed Sonja
 27418 | D:12     | Killed Sonja the hornet
 27560 | D:12     | Found a runed translucent gate.
 27560 | D:12     | Found a runed translucent gate.
 27560 | D:12     | Found a runed translucent gate.
 27684 | D:12     | Reached skill level 4 in Armour
 27688 | D:12     | Reached skill level 5 in Armour
 27689 | D:12     | Found a runed translucent gate.
 27689 | D:12     | Found a runed translucent gate.
 27691 | D:12     | Noticed a tentacled monstrosity
 27691 | D:12     | Noticed a cacodemon
 27693 | D:12     | Found a runed translucent gate.
 27693 | D:12     | Noticed croobank's ghost (journeyman DsFE)
 27710 | D:12     | Killed a cacodemon
 27713 | D:12     | Killed a tentacled monstrosity
 27714 | D:12     | Reached skill level 6 in Armour
 27716 | D:12     | Killed croobank's ghost
 27934 | D:12     | Gained mutation: You have hidden genetic defects.
                  | [mutagenic glow]
 28114 | D:13     | Reached skill level 7 in Armour
 28170 | D:12     | Reached ***** piety under Trog
 28185 | D:12     | Reached XP level 15. HP: 151/151 MP: 14/14
 28755 | D:13     | Reached skill level 8 in Armour
 29037 | Orc:1    | Bought a +6 ring of strength for 504 gold pieces
 29171 | D:14     | Reached skill level 9 in Armour
 29171 | D:14     | Reached XP level 16. HP: 160/160 MP: 15/15
 29230 | D:14     | Reached skill level 10 in Armour
 29246 | D:14     | Gained mutation: You are occasionally teleported next to
                  | monsters. [hidden defects]
 29397 | D:14     | Lost mutation: You have large cloven feet. [potion of
                  | mutation]
 29397 | D:14     | Lost mutation: You are robust. (+10% HP) [potion of
                  | mutation]
 29397 | D:14     | Lost mutation: You are occasionally teleported next to
                  | monsters. [potion of mutation]
 29397 | D:14     | Gained mutation: You passively dampen the noise of your
                  | surroundings. [potion of mutation]
 29397 | D:14     | Lost mutation: You have hidden genetic defects. [potion of
                  | mutation]
 29397 | D:14     | Gained mutation: You are covered in fur. (AC +1) [potion of
                  | mutation]
 29398 | D:14     | Upgraded the game from 0.32-a0-22-g6ae6769602 to
                  | 0.32-a0-30-gefbe487952
 29424 | D:14     | Reached skill level 11 in Armour
 29577 | D:14     | Found a gate to the Vaults.
 29821 | D:14     | Reached skill level 15 in Fighting
 29997 | D:14     | Reached skill level 12 in Armour
 30345 | D:14     | Noticed Rupert
 30362 | D:14     | Killed Rupert
 30592 | D:15     | Entered Level 15 of the Dungeon
 30711 | D:15     | Found a sparkling altar of Nemelex Xobeh.
 30957 | D:15     | Reached skill level 13 in Armour
 31008 | D:15     | Found an ornate altar of the Wu Jian Council.
 31221 | D:15     | Found a transporter.
 31232 | D:15     | Reached skill level 1 in Throwing
 31486 | D:15     | Found a transporter.
 31658 | D:15     | Found a shimmering altar of Xom.
 31665 | D:15     | Reached skill level 14 in Armour
 31733 | D:15     | Identified the ring of Jazojuac {+Blink rF+ Dex+4}
 31821 | D:15     | Reached skill level 5 in Dodging
 31983 | D:15     | Identified the ring "Zuth" {rF+ rC+}
 32014 | D:15     | Reached XP level 17. HP: 125/158 MP: 16/16
 32092 | D:15     | Found a staircase to the Depths.
 32179 | D:15     | Identified the ring "Reisauba" {Wiz rC+++ Str-3 Stlth+}
 32648 | Elf:1    | Entered Level 1 of the Elven Halls
 33424 | Elf:1    | Lost mutation: You passively dampen the noise of your
                  | surroundings. [potion of mutation]
 33424 | Elf:1    | Lost mutation: You are covered in fur. (AC +1) [potion of
                  | mutation]
 33424 | Elf:1    | Gained mutation: You have supernaturally acute eyesight.
                  | (SInv) [potion of mutation]
 33424 | Elf:1    | Lost mutation: You have supernaturally acute eyesight.
                  | (SInv) [potion of mutation]
 33424 | Elf:1    | Gained mutation: You passively map a small area around you.
                  | [potion of mutation]
 33425 | Elf:1    | Lost mutation: You passively map a small area around you.
                  | [potion of mutation]
 33425 | Elf:1    | Gained mutation: You are agile. (Dex +4, Str/Int -1)
                  | [potion of mutation]
 33425 | Elf:1    | Gained mutation: You have hidden genetic potential. [potion
                  | of mutation]
 33426 | Elf:1    | Lost mutation: You are agile. (Dex +4, Str/Int -1) [potion
                  | of mutation]
 33426 | Elf:1    | Lost mutation: You have hidden genetic potential. [potion
                  | of mutation]
 33426 | Elf:1    | Gained mutation: You have hidden genetic potential. [potion
                  | of mutation]
 33426 | Elf:1    | Gained mutation: You are robust. (+10% HP) [potion of
                  | mutation]
 33426 | Elf:1    | Gained mutation: You have large cloven feet. [potion of
                  | mutation]
 33427 | Elf:1    | Lost mutation: You are robust. (+10% HP) [potion of
                  | mutation]
 33427 | Elf:1    | Lost mutation: You have large cloven feet. [potion of
                  | mutation]
 33427 | Elf:1    | Lost mutation: You have hidden genetic potential. [potion
                  | of mutation]
 33427 | Elf:1    | Gained mutation: You have an increased reservoir of magic.
                  | (+10% MP) [potion of mutation]
 33428 | Elf:1    | Lost mutation: You have an increased reservoir of magic.
                  | (+10% MP) [potion of mutation]
 33428 | Elf:1    | Gained mutation: You have large cloven feet. [potion of
                  | mutation]
 33428 | Elf:1    | Gained mutation: You possess an exceptional clarity of
                  | mind. [potion of mutation]
 33453 | Elf:1    | Reached skill level 15 in Armour
 33502 | Elf:1    | Paralysed by an air elemental for 1 turns
 33508 | Elf:1    | Received a gift from Trog
 34330 | Abyss:1  | Cast into level 1 of the Abyss (deep elf zephyrmancer)
 34443 | Abyss:1  | Noticed a hellephant
 34461 | Abyss:1  | Killed a hellephant
 34527 | Abyss:1  | Found a corrupted altar of Lugonu.
 34596 | Abyss:1  | Noticed a quicksilver dragon
 34597 | Abyss:1  | Noticed a tentacled monstrosity
 34608 | Elf:1    | Escaped the Abyss
 34742 | Elf:1    | Received a gift from Trog
 34928 | Elf:1    | Killed a tentacled monstrosity
 35563 | Elf:2    | Found a radiant altar of Vehumet.
 35933 | Elf:2    | Found a runed translucent gate.
 35933 | Elf:2    | Found a runed translucent gate.
 35933 | Elf:2    | Found a runed translucent gate.
 35971 | Elf:3    | Entered Level 3 of the Elven Halls
 36673 | Elf:3    | Reached skill level 16 in Armour
 36835 | Elf:3    | Paralysed by an air elemental for 1 turns
 38011 | Elf:3    | Noticed a Brimstone Fiend
 38505 | Elf:3    | Reached XP level 18. HP: 170/170 MP: 17/17
 39204 | Elf:3    | Identified the +3 spear of Distraction {freeze, *Rage Will+
                  | Dex+3}
 39204 | Elf:3    | Identified the ring "Isin" {Fly Dex+2}
 39393 | Elf:3    | Identified the +8 quarterstaff of Inquiry {freeze, Int+3}
 40736 | Elf:3    | Identified the quicksilver dragon scales of Limitation
                  | {+Blink Will+ Str+4 Slay-5}
 42471 | Spider:1 | Entered Level 1 of the Spider Nest
 43012 | Spider:1 | Identified the orb of Jereuk {guile, Slay+3}
 43084 | Spider:1 | Reached skill level 5 in Throwing
 44312 | Spider:3 | Noticed Arachne
 44328 | Spider:3 | Killed Arachne
 44875 | Spider:3 | Noticed Asterion
 44892 | Spider:3 | Killed Asterion
 45726 | Spider:3 | Reached skill level 17 in Armour
 46067 | Spider:3 | Reached skill level 10 in Evocations
 46660 | Spider:3 | Received a gift from Trog
 46767 | Spider:4 | Entered Level 4 of the Spider Nest
 48629 | Spider:4 | Reached skill level 10 in Dodging
 49072 | Spider:4 | Reached XP level 19. HP: 179/179 MP: 18/18
 49098 | Spider:4 | Noticed Bai Suzhen
 49117 | Spider:4 | Killed Bai Suzhen
 52022 | Spider:4 | Got a gossamer rune of Zot
 52493 | Swamp:1  | Entered Level 1 of the Swamp
 55793 | Swamp:2  | Identified the serpent talisman of Tomus {Dex+6}
 55793 | Swamp:2  | Noticed Aizul
 55803 | Swamp:2  | Killed Aizul
 56054 | Swamp:3  | Noticed Jorgrun
 56061 | Swamp:3  | Killed Jorgrun
 56604 | Swamp:3  | Received a gift from Trog
 57192 | Swamp:4  | Entered Level 4 of the Swamp
 59051 | Swamp:4  | Reached skill level 10 in Throwing
 61567 | Swamp:4  | Reached XP level 20. HP: 165/191 MP: 14/19
 63267 | Swamp:4  | Identified the +6 demon whip of the Heart {venom, rF+ Will+
                  | Int-4 Dex+2}
 63268 | Swamp:4  | Identified the +2 cloak of the Aged Ultimatums {rF+ Will-
                  | SInv}
 63280 | Swamp:4  | Identified the +10 halberd of Lodgh {flame, rF+ MP+9}
 63715 | Swamp:4  | Got a decaying rune of Zot
 63944 | Lair:4   | Reached skill level 18 in Armour
 63946 | Lair:4   | Killed avangion's ghost
 64156 | Vaults:1 | Entered Level 1 of the Vaults
 64318 | Vaults:1 | Found a magical portal.
 64323 | WizLab   | Entered The Chambers of the Cloud Mage
 64331 | WizLab   | Paralysed by an air elemental for 1 turns
 64351 | WizLab   | Paralysed by an air elemental for 1 turns
 65086 | WizLab   | Paralysed by an air elemental for 1 turns
 66397 | WizLab   | Paralysed by an air elemental for 1 turns
 66409 | WizLab   | Paralysed by an air elemental for 1 turns
 66420 | WizLab   | Paralysed by an air elemental for 1 turns
 66721 | WizLab   | Paralysed by an air elemental for 1 turns
 66725 | WizLab   | Paralysed by an air elemental for 1 turns
 66825 | WizLab   | Identified the ring "Egycext" {rPois rCorr Str-4 Int-3
                  | Stlth+}
 67234 | WizLab   | Identified the +3 great sword of Past Mistakes {venom,
                  | *Slow +Blink rElec rC+++ Dex-5}
 67306 | WizLab   | Identified the +8 quick blade of Ipse Dixit {freeze, Fly
                  | Str+3}
 67310 | WizLab   | Identified the +1 dagger "July" {venom, rF+}
 68089 | Vaults:1 | Reached skill level 5 in Stealth
 68947 | Vaults:1 | Found Doorr's Assorted Antiques.
 68954 | Vaults:1 | Bought a scroll of enchant weapon for 165 gold pieces
 69762 | Vaults:2 | Received a gift from Trog
 69937 | Vaults:2 | You are sucked into a shaft and drop 2 floors!
 70158 | Vaults:2 | Identified the +0 scale mail "Cifef" {rPois rC+++ Dex-4
                  | Slay+6}
 70469 | Vaults:2 | Reached XP level 21. HP: 169/200 MP: 0/20
 71078 | Vaults:2 | Identified the +8 great sword "Ompouss" {drain, rPois rF-
                  | rN++}
 72159 | Vaults:2 | Upgraded the game from 0.32-a0-30-gefbe487952 to
                  | 0.32-a0-33-g74fbe469d6
 72455 | Vaults:3 | Reached skill level 19 in Armour
 72736 | Orc:1    | Bought a +4 ring of slaying for 1092 gold pieces
 73812 | Vaults:3 | Received a gift from Trog
 74081 | Vaults:3 | Identified a scroll of acquirement
 74081 | Vaults:3 | Acquired the +10 executioner's axe of the Chewing Eel
                  | {flame, Str-3 Dex+4}
 74159 | Vaults:3 | Found a staircase to the Crypt.
 74169 | Crypt:1  | Entered Level 1 of the Crypt
 74192 | Crypt:1  | Identified the ring "Zokkotec" {Ice Dex+3}
 74192 | Crypt:1  | Noticed Josephina
 74198 | Crypt:1  | Killed Josephina
 74242 | Crypt:1  | Paralysed by a vampire knight for 3 turns
 75031 | Crypt:1  | Noticed Zenata
 75037 | Crypt:1  | Killed Zenata
 76535 | Vaults:3 | Paralysed by a formless jellyfish for 1 turns
 77241 | Vaults:4 | Noticed Jory
 77255 | Vaults:4 | Killed Jory
 77904 | Vaults:4 | Noticed Xtahua
 77918 | Vaults:4 | Killed Xtahua
 78095 | Vaults:4 | Reached XP level 22. HP: 160/211 MP: 8/21
 78543 | Vaults:4 | Reached skill level 15 in Throwing
 79106 | Depths:1 | Entered Level 1 of the Depths
 79224 | Depths:1 | Reached skill level 20 in Armour
 79424 | Depths:1 | Noticed Mara
 79437 | Depths:1 | Noticed Pooter's illusion
 79451 | Depths:1 | Noticed Pooter's illusion
 79457 | D:15     | Killed Mara
 79594 | Depths:1 | Found Qaiddig's Magic Scroll Boutique.
 79599 | Depths:1 | Found Qaichalu's Armour Boutique.
 79697 | Depths:1 | Found a stormy altar of Qazlal.
 79738 | Depths:1 | Found a gateway to Hell.
 79755 | Hell     | Entered the Vestibule of Hell
 79759 | Hell     | Noticed Geryon
 79776 | Hell     | Killed Geryon
 79930 | Abyss:3  | Cast into level 3 of the Abyss (an occultist)
 80196 | Depths:1 | Escaped the Abyss
 80343 | Depths:1 | Found a one-way gate to the infinite horrors of the Abyss.
 80533 | Depths:1 | Found a runed translucent gate.
 80533 | Depths:1 | Noticed Feesos's ghost (adept DjFE)
 80534 | Depths:1 | Found a runed translucent gate.
 80535 | Depths:1 | Found a runed translucent gate.
 80856 | Depths:2 | Identified the ring "Uxisuss" {Fire rElec rN+ Dex+3}
 80858 | Depths:2 | Identified the ring of Qeun {rCorr EV+5 Str+9 Int+3}
 80861 | Depths:2 | Identified the amulet of Zeghoqel {Rampage Regen+ Stlth+}
 80899 | Depths:2 | Identified the amulet of Dim Light {Acrobat Str+2 Dex+5
                  | Stlth+}
 81141 | Depths:2 | Noticed Margery
 81881 | Depths:2 | Killed Margery
 82367 | Depths:2 | Found a one-way gate leading to the halls of Pandemonium.
 82372 | Depths:2 | Reached XP level 23. HP: 222/222 MP: 18/22
 82715 | Depths:3 | Found Umevu's Magic Scroll Emporium.
 82810 | Depths:3 | Noticed the Enchantress
 82811 | Depths:3 | Bought a scroll of enchant armour for 180 gold pieces
 82820 | Depths:3 | Killed the Enchantress
 82939 | Depths:3 | Noticed Cyommoer's ghost (adept DEHW)
 83006 | Depths:3 | Reached skill level 10 in Stealth
 83343 | Depths:3 | Reached skill level 21 in Armour
 86815 | Hell     | Found a gateway to the ashen valley of Gehenna.
 87075 | Hell     | Received a gift from Trog
 87208 | Hell     | Found a gateway to the Iron City of Dis.
 87311 | Hell     | Found a gateway to the decaying netherworld of Tartarus.
 87382 | Hell     | Found a gateway to the freezing wastes of Cocytus.
 87557 | Depths:3 | Reached skill level 22 in Armour
 87608 | Depths:3 | Found a runed translucent gate.
 87608 | Depths:3 | Found a runed translucent gate.
 87608 | Depths:3 | Found a runed translucent gate.
 87650 | Depths:3 | Found Tufakas's Armour Boutique.
 87779 | Depths:3 | Found a shimmering blue altar of Sif Muna.
 88787 | Depths:3 | Identified the +0 shadow dragon scales of the Ego {rN+
                  | Regen+ Dex+3 Stlth++++}
 88801 | Depths:3 | Found a basalt altar of Yredelemnul.
 89411 | Depths:3 | Killed Cyommoer's ghost
 89419 | Depths:3 | Reached XP level 24. HP: 233/233 MP: 0/22
 89531 | Depths:3 | Identified the ring "Cekot" {rPois rF+ Str-4 Dex+5 SInv}
 89800 | Depths:4 | Entered Level 4 of the Depths
 90753 | Depths:4 | Found a gate to the Realm of Zot.
 91617 | Depths:4 | Found a one-way gateway to a ziggurat.
 91921 | Depths:4 | Reached skill level 23 in Armour
 91923 | Depths:4 | Noticed a juggernaut
 91934 | Depths:4 | Killed a juggernaut
 92044 | Zig:1    | Entered Level 1 of a ziggurat
 92102 | Zig:2    | Entered Level 2 of a ziggurat
 92104 | Zig:2    | Noticed a Killer Klown
 92113 | Zig:2    | Noticed a Killer Klown
 92115 | Zig:2    | Killed a Killer Klown
 92116 | Zig:2    | Reached skill level 15 in Dodging
 92185 | Zig:3    | Entered Level 3 of a ziggurat
 92262 | Zig:4    | Entered Level 4 of a ziggurat
 92490 | Zig:4    | Identified the +8 broad axe of the End {flame, Str+4}
 92500 | Zig:5    | Entered Level 5 of a ziggurat
 92616 | Zig:5    | Found the +10 morningstar "Eos" {elec, Halo rElec}
 92628 | Zig:6    | Entered Level 6 of a ziggurat
 92789 | Zig:6    | Identified the +3 dagger of Due Proportion {venom, rF- rN+
                  | Int+3}
 92799 | Zig:6    | Identified the +6 spear "Leviticus" {heavy, Int+3}
 92802 | Zig:7    | Entered Level 7 of a ziggurat
 92813 | Zig:7    | Noticed a dread lich
 92818 | Zig:7    | Noticed a dread lich
 92824 | Zig:7    | Noticed an ancient lich
 92826 | Zig:7    | Killed a dread lich
 92829 | Zig:7    | Killed a dread lich
 92836 | Zig:7    | Killed an ancient lich
 93003 | Zig:7    | Identified the +10 storm dragon scales of Past Mistakes
                  | {rElec Int+2}
 93014 | Zig:8    | Entered Level 8 of a ziggurat
 93166 | Zig:8    | Reached skill level 24 in Armour
 93166 | Zig:8    | Reached XP level 25. HP: 243/243 MP: 22/22
 93168 | Zig:8    | Reached XP level 26. HP: 250/250 MP: 22/22
 93175 | Depths:4 | Upgraded the game from 0.32-a0-33-g74fbe469d6 to
                  | 0.32-a0-35-gd9ff480968
 93554 | Vaults:5 | Entered Level 5 of the Vaults
 94023 | Vaults:4 | Received a gift from Trog
 94697 | Vaults:5 | Reached skill level 25 in Armour
 94946 | Vaults:5 | Noticed a dread lich
 94952 | Vaults:5 | Found the ring of the Octopus King {Wiz HP+2 AC+2 EV+2
                  | SH+2}
 94954 | Vaults:5 | Noticed an ancient lich
 94969 | Vaults:5 | Killed a dread lich
 94970 | Vaults:5 | Reached XP level 27. HP: 245/245 MP: 9/22
 94987 | Vaults:5 | Found Goepoif's Distillery.
 94987 | Vaults:5 | Noticed a dread lich
 94988 | Vaults:5 | Reached skill level 15 in Evocations
 94994 | Vaults:5 | Killed a dread lich
 95140 | Vaults:5 | Bought a potion of curing for 42 gold pieces
 95140 | Vaults:5 | Bought a potion of curing for 42 gold pieces
 95140 | Vaults:5 | Bought a potion of haste for 140 gold pieces
 95140 | Vaults:5 | Bought a potion of haste for 140 gold pieces
 95140 | Vaults:5 | Bought a potion of curing for 42 gold pieces
 95140 | Vaults:5 | Bought a potion of invisibility for 112 gold pieces
 95140 | Vaults:5 | Bought a potion of heal wounds for 70 gold pieces
 95577 | Vaults:5 | Identified the +5 chain mail of Gashrepn {rC- Will+ Int+5}
 96274 | Vaults:5 | Killed an ancient lich
 96310 | Vaults:5 | Found Zuwup's Book Shoppe.
 96447 | Vaults:5 | Got a silver rune of Zot
 96557 | Vaults:5 | Found Luff's Magic Scroll Emporium.
 96557 | Vaults:5 | Found Memosm's Distillery.
 96563 | Vaults:5 | Bought a scroll of teleportation for 54 gold pieces
 96563 | Vaults:5 | Bought a scroll of acquirement for 936 gold pieces
 96563 | Vaults:5 | Acquired a manual of Stealth
 96576 | Vaults:5 | Bought a potion of cancellation for 160 gold pieces
 96576 | Vaults:5 | Bought a potion of invisibility for 160 gold pieces
 96576 | Vaults:5 | Bought a potion of might for 80 gold pieces
 96576 | Vaults:5 | Bought a potion of might for 80 gold pieces
 96956 | Vaults:5 | Found Xaewk's Antique Armour Boutique.
 96960 | Vaults:5 | Noticed an ancient lich
 96976 | Vaults:5 | Killed an ancient lich
 97025 | Vaults:5 | Bought a pair of embroidered gloves for 255 gold pieces
 97082 | Vaults:5 | Found Paluix's Antique Armour Shoppe.
 97090 | Vaults:5 | Bought a faintly glowing cloak for 304 gold pieces
 97090 | Vaults:5 | Identified the +0 cloak of the Well-Known Xalams {Str+3
                  | Int+2 Stlth+} (You bought it in a shop on level 5 of the
                  | Vaults)
 97098 | Vaults:5 | Found Veolusy's Book Shoppe.
 97135 | Vaults:5 | Found Raibbas's Distillery.
 97139 | Vaults:5 | Bought a potion of might for 76 gold pieces
 97139 | Vaults:5 | Bought a potion of might for 76 gold pieces
 98029 | Crypt:1  | Noticed Vv
 98041 | Crypt:1  | Killed Vv
 98234 | Crypt:1  | Identified the +0 helmet of Dabuok {rN++}
 98535 | Crypt:2  | Noticed Saint Roka
 98554 | Crypt:2  | Killed Saint Roka
 98556 | Crypt:2  | Reached skill level 26 in Armour
 99720 | Crypt:2  | Identified the +4 lajatang of the Rattlesnake {freeze,
                  | Int+3 Stlth+}
 99805 | Crypt:2  | Noticed Mennas
 99818 | Crypt:2  | Killed Mennas
100531 | Crypt:3  | Entered Level 3 of the Crypt
100532 | Crypt:3  | Noticed Boris
100667 | Crypt:3  | Killed Boris
104539 | Crypt:3  | Identified the +2 falchion of Past Mistakes {flame, *Slow
                  | +Blink rElec}
104539 | Crypt:3  | Identified the +8 chain mail of the Solstice {rPois Str+5}
104743 | Crypt:3  | Noticed a royal mummy
104743 | Crypt:3  | Noticed a royal mummy
104745 | Crypt:3  | Noticed Khufu
105024 | Crypt:3  | Killed a royal mummy
105027 | Crypt:3  | Killed Khufu
105032 | Crypt:3  | Killed a royal mummy
105308 | Crypt:3  | Found a staircase to the Tomb.
105502 | Crypt:3  | Identified the staff of Peace {rC+ Dex+2 Ice}
105502 | Crypt:3  | Identified the death talisman of Guarulil {Str+5}
105747 | Crypt:3  | Found an ancient bone altar of Kikubaaqudgha.
105758 | Crypt:3  | Noticed an ancient lich
105763 | Crypt:3  | Killed an ancient lich
106436 | Tomb:1   | Entered Level 1 of the Tomb of the Ancients
107015 | Tomb:1   | Reached skill level 27 in Armour
107800 | Zot:1    | Entered Level 1 of the Realm of Zot
107834 | Zot:1    | Reached skill level 15 in Stealth
108886 | Zot:1    | Found a shimmering altar of Xom.
108886 | Zot:1    | Found a shimmering altar of Xom.
108889 | Zot:1    | Found a shimmering altar of Xom.
108889 | Zot:1    | Found a glowing silver altar of Zin.
108890 | Zot:1    | Found a shimmering altar of Xom.
109063 | Zot:1    | Identified the staff "Hulk" {rElec Str+4 Int+4 Dex-4 Air}
110694 | Zot:2    | Received a gift from Trog
111221 | Zot:2    | Identified the +1 pair of gloves of Hepliaklqana, Howling
                  | {*Corrode rPois MP+9 Slay+6}
111721 | Zot:2    | Found a runed translucent door.
111722 | Zot:2    | Noticed Tigajux's ghost (master OnAl)
111741 | Zot:2    | Killed Tigajux's ghost
112156 | Zot:3    | Noticed an orb of fire
112166 | Zot:3    | Gained mutation: You have hidden genetic potential. [an orb
                  | of fire]
112168 | Zot:3    | Killed an orb of fire
115642 | Zot:4    | Acquired 342 gold pieces
116139 | Zot:5    | Entered Level 5 of the Realm of Zot
117823 | Zot:5    | Noticed an ancient lich
117835 | Zot:5    | Killed an ancient lich
118372 | Zot:5    | Noticed a dread lich
118381 | Zot:5    | Killed a dread lich
119027 | Zot:5    | Noticed an orb of fire
119032 | Zot:5    | Gained mutation: You occasionally lose the ability to read
                  | scrolls when taking damage. [an orb of fire]
119037 | Zot:5    | Gained mutation: You sometimes lose the ability to read
                  | scrolls when taking damage. [an orb of fire]
119038 | Zot:5    | Killed an orb of fire
120615 | Zot:5    | Noticed an orb of fire
120618 | Zot:5    | Noticed an ancient lich
120623 | Zot:5    | Noticed a dread lich
120623 | Zot:5    | Gained mutation: You are clumsy. (Dex -2) [an orb of fire]
120626 | Zot:5    | Gained mutation: You are very clumsy. (Dex -4) [an orb of
                  | fire]
120630 | Zot:5    | Killed an orb of fire
120631 | Zot:5    | Killed a dread lich
120632 | Zot:5    | Killed an ancient lich
120667 | Zot:5    | Lost mutation: You possess an exceptional clarity of mind.
                  | [potion of mutation]
120667 | Zot:5    | Lost mutation: You are very clumsy. (Dex -4) [potion of
                  | mutation]
120667 | Zot:5    | Lost mutation: You are clumsy. (Dex -2) [potion of
                  | mutation]
120668 | Zot:5    | Lost mutation: You sometimes lose the ability to read
                  | scrolls when taking damage. [potion of mutation]
120668 | Zot:5    | Lost mutation: You have hidden genetic potential. [potion
                  | of mutation]
120668 | Zot:5    | Lost mutation: You occasionally lose the ability to read
                  | scrolls when taking damage. [potion of mutation]
120668 | Zot:5    | Gained mutation: Your flesh is heat resistant. (rF+)
                  | [potion of mutation]
120668 | Zot:5    | Gained mutation: You sometimes lose your temper in combat.
                  | [potion of mutation]
121186 | Zot:5    | Lost mutation: You sometimes lose your temper in combat.
                  | [potion of mutation]
121186 | Zot:5    | Lost mutation: Your flesh is heat resistant. (rF+) [potion
                  | of mutation]
121186 | Zot:5    | Gained mutation: You have hidden genetic defects. [potion
                  | of mutation]
121186 | Zot:5    | Gained mutation: You are partially covered in iridescent
                  | scales. (AC +2) [potion of mutation]
121186 | Zot:5    | Gained mutation: You are mostly covered in iridescent
                  | scales. (AC +4) [potion of mutation]
121876 | Vaults:5 | Bought a potion of mutation for 152 gold pieces
122111 | Depths:3 | Bought a scroll of teleportation for 72 gold pieces
122111 | Depths:3 | Bought a scroll of silence for 228 gold pieces
122398 | Vaults:5 | Bought 2 potions of haste for 400 gold pieces
122680 | Orc:2    | Bought a brightly glowing plate armour for 840 gold pieces
122680 | Orc:2    | Identified the +15 plate armour of the Contumacious God
                  | {rC+ Will++} (You bought it in a shop on level 2 of the
                  | Orcish Mines)
123167 | Zot:5    | Got the Orb of Zot
123737 | D:6      | Noticed a seraph
123814 | D:4      | Noticed Boris
123824 | D:4      | HP: 5/405 [Boris] (20)]
123825 | D:4      | Engulfed by Boris's excruciating misery

Illustrated notes

Levels and vault maps discovered:
D:1:      heliophobic_arrival_battle_scene, layout_loops_cross,
          hellmonk_ecumenical_altar_prayer_group, chequers_serial_rivers_marsh
D:2:      layout_rooms, basic_altar
D:3:      layout_loops_ring, serial_shops, nicolae_shop_pleasant_corner_grove
D:4:      layout_basic, minitemple, cheibrodos_sewer_entry_sluice, serial_shops,
          shop, kennysheep_generic_room_16
D:5:      layout_basic
D:6:      layout_rooms, trog_wizard, minmay_temple_entry_junction_2, uniq_pikel
D:7:      layout_loops_corners, serial_rivers, chequers_serial_rivers_small_a,
          chequers_serial_rivers_marsh, chequers_serial_rivers_micro_b,
          chequers_serial_rivers_marsh, chequers_serial_rivers_micro_c,
          minmay_a_box_with_orc_wizards_in_it, uniq_joseph
D:8:      layout_basic, mainiacjoe_overflow_small_starburst, uniq_psyche,
          uniq_prince_ribbit1
D:9:      layout_layer_cave, nicolae_tso_carved_into_rock,
          due_lair_maze_entry_diamond
D:10:     layout_roguey
D:11:     layout_roguey, david_orc_1_choice, uniq_maurice
D:12:     layout_basic, ploomutoo_gammafunk_ghost_potion_laboratory, uniq_sonja
D:13:     layout_long_grid
D:14:     layout_basic, grunt_vaults_entry_tiered, serial_park_gazebo
          [serial_park_minivault_5x5_8], uniq_rupert
D:15:     hangedman_spin_cycle
Lair:1:   minmay_lair_oklob_chamber, layout_regular_city, serial_bayou_pond_a,
          chequers_serial_rivers_large_a, grunt_megastairs_5, uniq_harold
Lair:2:   layout_small_grid, dummy_spider_entry, lemuel_fruit_fields
Lair:3:   layout_chaotic_city, minmay_swamp_entry_swarm
Lair:4:   layout_regular_city, nicolae_slime_entry_slimehenge,
          portal_ice_cave_rime, ebering_ghost_xom
Lair:5:   minmay_lair_end_enchanted_forest, layout_hall_layers, basic_altar
Swamp:1:  layout_falls_marsh, evilmike_swamp_ruin_rubble_2,
          nicolae_swamp_long_stream
Swamp:2:  layout_falls_marsh, nicolae_swamp_ascending_descending, uniq_aizul
Swamp:3:  layout_falls_marsh, nicolae_swamp_very_dense_foliage, swamp_pool_1_2,
          nicolae_swamp_dense_foliage, uniq_jorgrun
Swamp:4:  swamp_basic_johnstein, layout_basic_swamp, hangedman_swamp_dais,
          nicolae_swamp_decorative_isthmus
Spider:1: layout_spider_delve
Spider:2: layout_spider_delve
Spider:3: layout_spider_delve, nicolae_spider_orb_run, uniq_arachne,
          uniq_asterion
Spider:4: grunt_spider_rune_parallel, uniq_bai_suzhen
Orc:1:    layout_caves, serial_shops, nicolae_shop_gaudy_bauble
Orc:2:    grunt_orc_cross, layout_caves, serial_shops, shop,
          nicolae_orc_sculptors_studio, hangedman_feature_mirror,
          statue_in_the_mist_lemuel
Elf:1:    layout_gridlike, nicolae_elf_crossing_hall
Elf:2:    nicolae_elf_blades_splatter_lattice [mumra_blade_entry_dagger],
          layout_geoelf_octagon, basic_altar
Elf:3:    minmay_elf_hall_dome, layout_geoelf_castle
Vaults:1: mu_enter_wizlab_1, nicolae_vaults_apartment_2,
          nicolae_vaults_closet_pinwheel_3, st_more_cells,
          nicolae_vaults_network_barrier, grunt_vaults_swirl, vaults_room_fours,
          vaults_mumra_hex, nicolae_vaults_specimen_jars,
          nicolae_vaults_alarming, nicolae_vaults_little_squares_5,
          layout_vaults_omnicross, serial_shops, shop
Vaults:2: hangedman_surveillance_ring, v_alt_pattern_2,
          nicolae_vaults_tetromino_T_1, vaults_mumra_minichess,
          nicolae_vaults_more_shelving_1, nicolae_vaults_puzzle_piece,
          v_misc_29, nicolae_vaults_theta, nicolae_vaults_closet_pinwheel_3,
          v_misc_17, nicolae_vaults_diamond_2, layout_vaults_omnibox
Vaults:3: nicolae_vaults_closet_pinwheel_4, ontoclasm_vaults_ligature,
          nicolae_vaults_windows_and_doors_thing, minmay_crypt_entry_vampire_xt,
          v_misc_8, nicolae_vaults_storage_closets_2,
          nicolae_vaults_offset_grid_hallway_3, nicolae_vaults_tangram_2,
          vaults_room_octagon, v_rooms_1, vaults_room_fours,
          nicolae_vaults_octothorpe, vaults_dpeg_ring, vaults_room_octagon,
          layout_vaults_big_room
Vaults:4: portal_desolation_entry_salt, nicolae_vaults_network_periphery,
          nicolae_vaults_shelves_hall, grunt_vaults_hallway_short,
          nicolae_vaults_hallways_thing, v_rooms_3, ontoclasm_vaults_twist,
          grunt_vaults_hallway_short, nicolae_vaults_mini_display_case,
          layout_vaults_omnigrid, uniq_xtahua, uniq_jory
Vaults:5: serial_shops
Crypt:1:  layout_misc_corridors, uniq_zenata, uniq_vv, uniq_josephina
Crypt:2:  layout_catacombs, uniq_saint_roka, uniq_mennas
Crypt:3:  quadcrypt_mu, uniq_boris, uniq_khufu
Tomb:1
Depths:1: layout_cave_pools, hangedman_coc_ice_floe,
          biasface_ghost_demon_polymorph, abyss_entry,
          nicolae_qazlal_style_of_elements, minmay_shop_star, uniq_mara
Depths:2: minmay_the_grid_triangle_9x9_rhombus_thin_mashed
          [minmay_the_grid_triangle_9x9_sparse_checkered,
          minmay_the_grid_triangle_9x9_prize_special,
          minmay_the_grid_triangle_9x9_thin_v,
          minmay_the_grid_triangle_9x9_windchime], layout_twisted_cross,
          grunt_metal_band, kennysheep_boxes, grunt_pan_entry_in_and_out
Depths:3: lemuel_vampire_tower, layout_gridlike, infiniplex_staircase_pool_2,
          hell_entry, serial_shops, nicolae_diamond_shop, shop,
          gammafunk_ghost_necromancy, abyss_entry,
          nicolae_sif_muna_little_library, uniq_margery, uniq_enchantress
Depths:4: grunt_crosshair, layout_basic, enter_ziggurat_f,
          rand_demon_pan_entry_1, hell_entry, grunt_megastairs_2
Hell
Zot:1:    dreamdust_zin_vs_xom, layout_gridlike
Zot:2:    layout_gridlike, ebering_ghost_reflecting_pool,
          st_single_dragon_hoard_4, grunt_ministairs_2
Zot:3:    layout_basic, skrybe_zot_glass_3
Zot:4:    layout_onion_interference, grunt_ministairs_8,
          regret_index_zotdec_misc_clamp, regret_index_zotdec_ceiling_fans
Zot:5:    layout_gridlike, st_stairs_4

Skill      XL: |  1  2  3  4  5  6  7  8  9 10 11 12 13 14 15 16 17 18 19 20 21 22 23 24 25 26 27 |
---------------+----------------------------------------------------------------------------------+-----
Axes           | 4 5 6 7 9 11 12 14 15 17 18 19 21 22 23 24 25 | 25.2
Stealth        | 1 2 3 6 8 9 11 12 16 | 16.4
Fighting       | 4 5 6 7 8 9 10 11 12 14 16 17 18 19 20 21 22 23 26 | 26.5
Ranged Weapons | 1 3 6 8 9 11 13 15 16 17 | 17.7
Evocations     | 1 2 4 5 6 7 8 9 10 11 12 13 14 16 | 16.5
Armour         | 7 9 14 16 17 18 19 20 22 24 25 27 | 27.0
Dodging        | 4 5 8 10 11 13 14 15 19 | 19.9
Throwing       | 2 4 7 10 12 14 15 16 | 16.0

Action                     |  1- 3 |  4- 6 |  7- 9 | 10-12 | 13-15 | 16-18 | 19-21 | 22-24 | 25-27 || total
---------------------------+-------+-------+-------+-------+-------+-------+-------+-------+-------++-------
  Melee: Hand axe          |   101 |    55 |       |       |       |       |       |       |       ||   156
         Headbutt          |     9 |    16 |    20 |   105 |   135 |   196 |   299 |   267 |   294 ||  1341
         Quarterstaff      |       |    46 |       |       |       |       |       |       |       ||    46
         Kick              |       |     7 |    30 |   148 |   220 |   182 |   140 |       |       ||   727
         Morningstar       |       |       |    65 |       |       |     2 |       |       |       ||    67
         Punch             |       |       |     3 |     3 |       |       |       |       |       ||     6
         War axe           |       |       |    72 |     4 |       |       |       |       |       ||    76
         Battleaxe         |       |       |       |   328 |   578 |   723 |   275 |       |       ||  1904
         Spear             |       |       |       |   127 |     6 |       |       |       |       ||   133
         Executioner's axe |       |       |       |       |       |    87 |   735 |   891 |   853 ||  2566
         Dire flail        |       |       |       |       |       |       |     4 |       |       ||     4
         Demon whip        |       |       |       |       |       |       |     2 |       |       ||     2
   Fire: Sling             |       |     2 |    25 |       |       |       |       |       |       ||    27
         Orcbow            |       |       |    23 |   187 |   260 |   345 |   380 |   398 |   553 ||  2146
  Throw: Stone             |       |     5 |       |       |       |       |       |       |       ||     5
         Boomerang         |       |    10 |       |     1 |     7 |     8 |    15 |    24 |     7 ||    72
         Dart              |       |     2 |     4 |       |       |       |     2 |       |       ||     8
 Invoke: Berserk           |       |     2 |     5 |     9 |    15 |    20 |    19 |    16 |    16 ||   102
         Trog's Hand       |       |       |     7 |    25 |    32 |    30 |    31 |    42 |    50 ||   217
         Brothers in Arms  |       |       |       |       |       |     1 |     1 |     5 |       ||     7
  Evoke: Wand              |       |       |     3 |     3 |     6 |    14 |    25 |     7 |    29 ||    87
         Box of beasts     |       |       |       |       |     1 |       |       |       |       ||     1
         Tin of tremorston |       |       |       |       |       |       |       |     6 |     2 ||     8
         Horn of Geryon    |       |       |       |       |       |       |       |     1 |     1 ||     2
    Use: Scroll            |     4 |     6 |     3 |    14 |    20 |     8 |    19 |    10 |    23 ||   107
         Potion            |       |     2 |       |     4 |    10 |     9 |     5 |     7 |    28 ||    65
   Stab: Sleeping          |     1 |       |       |       |       |       |       |       |       ||     1
         Invisible         |       |       |       |     1 |     9 |     4 |     3 |     1 |    13 ||    31
         Distracted        |       |       |       |       |       |       |       |     5 |     2 ||     7
 Armour: Animal skin       |    12 |       |       |       |       |       |       |       |       ||    12
         Ring mail         |     4 |       |       |       |       |       |       |       |       ||     4
         Chain mail        |    42 |    80 |   115 |   243 |       |       |       |       |       ||   480
         Scale mail        |       |       |    22 |   293 |   426 |       |       |       |       ||   741
         Crystal plate arm |       |       |       |       |   297 |   988 |  1103 |   985 |   665 ||  4038
         Gold dragon scale |       |       |       |       |       |       |       |       |    92 ||    92
         Plate armour      |       |       |       |       |       |       |       |       |    17 ||    17
  Dodge: Dodged            |    52 |    40 |    64 |   238 |   315 |   600 |   721 |   642 |   652 ||  3324
         Repelled          |       |       |       |       |       |       |    11 |       |       ||    11
  Block: Other             |       |       |       |       |       |    69 |   100 |    22 |       ||   191
         Reflection        |       |       |       |       |       |     1 |     4 |     2 |       ||     7

Table legend: (Time is in decaauts)
 A = Elapsed time spent in this place.
 B = Non-inter-level travel time spent in this place.
 C = Inter-level travel time spent in this place.
 D = Time resting spent in this place.
 E = Time spent auto-exploring this place.
 F = Levels seen in this place.
 G = Mean time per level.
                   A        B        C        D        E       F      G
               +--------+--------+--------+--------+--------+-----+--------+
         Total | 124576 | 118309 |   6267 |  67082 |  31309 |  66 | 1887.5 |
       Dungeon |  18524 |  16697 |   1827 |   4555 |   9058 |  15 | 1234.9 |
          Lair |  12459 |  11961 |    498 |   6767 |   3144 |   5 | 2491.8 |
         Swamp |  11483 |  11318 |    165 |   8548 |   1753 |   4 | 2870.8 |
   Spider Nest |  10087 |   9853 |    234 |   6473 |   1944 |   4 | 2521.8 |
  Orcish Mines |   2752 |   2532 |    220 |   1395 |    564 |   2 | 1376.0 |
   Elven Halls |   9541 |   9438 |    103 |   5950 |   1493 |   3 | 3180.3 |
        Vaults |  14665 |  13204 |   1461 |   4541 |   6376 |   5 | 2933.0 |
         Crypt |  10934 |  10532 |    402 |   7270 |   2004 |   3 | 3644.7 |
          Tomb |    825 |    755 |     70 |    356 |      0 |   1 |  825.0 |
        Depths |  11533 |  10777 |    756 |   6679 |   2467 |   4 | 2883.2 |
          Hell |   1648 |   1632 |     16 |    887 |    388 |   1 | 1648.0 |
           Zot |  14102 |  13590 |    512 |   9471 |   1728 |   5 | 2820.4 |
         Abyss |    533 |    533 |      0 |     32 |      0 |   3 |  177.7 |
      Ziggurat |   1141 |   1141 |      0 |    762 |    122 |   8 |  142.6 |
         Sewer |     94 |     94 |      0 |      0 |     44 |   1 |   94.0 |
      Ice Cave |   1154 |   1154 |      0 |    772 |    130 |   1 | 1154.0 |
        Wizlab |   3094 |   3094 |      0 |   2616 |     91 |   1 | 3094.0 |
               +--------+--------+--------+--------+--------+-----+--------+

Top non-repeatable levels by time:
  Lair:5: 6859 daAuts
 Swamp:4: 6641 daAuts
   Elf:3: 6245 daAuts
 Crypt:3: 5954 daAuts
Depths:3: 5556 daAuts
   Zot:5: 5430 daAuts
Spider:4: 5407 daAuts
Vaults:5: 3187 daAuts
Vaults:4: 3107 daAuts
  WizLab: 3094 daAuts
   Zot:4: 2995 daAuts
Vaults:3: 2901 daAuts
 Crypt:1: 2864 daAuts
Vaults:1: 2803 daAuts
Vaults:2: 2665 daAuts
